 Dungeon Crawl Stone Soup version 0.16-a0-3972-g91ea21f (console) character file.

25 MrRokkomies the Caller (level 2, 0/11 HPs)
             Began as a Felid Summoner on Feb 11, 2015.
             Slain by a giant gecko (4 damage)
             ... on level 2 of the Dungeon.
             The game lasted 00:05:02 (1227 turns).

MrRokkomies the Caller (Felid Summoner)             Turns: 1227, Time: 00:05:02

Health: 0/11       AC:  1    Str:  4    XL:     2   Next: 82%
Magic:  5/5        EV: 19    Int: 16    God:
Gold:   37         SH:  0    Dex: 16    Spells: 2 memorised, 2 levels left
                                        Lives:  0   Deaths: 0

rFire  . . .     SeeInvis +       - Unarmed
rCold  . . .     Clarity  .     (armour unavailable)
rNeg   . . .     SustAb   .     (shield unavailable)
rPois  .         Gourm    .     (helmet unavailable)
rElec  .         Spirit   .     (cloak unavailable)
rCorr  .         Warding  .     (gloves unavailable)
rMut   .         Stasis   .     (boots unavailable)
MR     .....                    (no amulet)
Stlth  +++.......               (no ring)
                                (no ring)

@: quick, not resistant to hostile enchantments, fairly stealthy
A: paw claws, no armour, no weapons or thrown items, fangs 3, see invisible,
carnivore 3, speed 1, shaggy fur 1, slow metabolism 1, sharp paws
a: no special abilities


You were on level 2 of the Dungeon.
You were not hungry.

You visited 1 branch of the dungeon, and saw 2 of its levels.

You collected 37 gold pieces.

Inventory:

Scrolls
 a - 2 scrolls of identify {unknown}
 d - a scroll of fear {unknown}
 e - a scroll of amnesia {unknown}
Potions
 f - a potion of curing {unknown}
 g - a potion of brilliance {unknown}
Books
 b - a book of Callings

   Spells                             Type                      Level
   a - Summon Small Mammal            Summoning                    1
   b - Call Imp                       Summoning                    2
   c - Call Canine Familiar           Summoning                    3
   d - Summon Guardian Golem          Hexes/Summoning              4
   e - Summon Lightning Spire         Summoning/Air                4
   f - Summon Ice Beast               Ice/Summoning                4
Comestibles
 c - 2 meat rations


   Skills:
 * Level 3.9 Dodging
 + Level 2.8 Stealth
 * Level 1.3 Unarmed Combat
 - Level 2.0 Spellcasting
 - Level 4.0 Summonings


You had 2 spell levels left.
You knew the following spells:

 Your Spells              Type           Power        Failure   Level  Hunger
a - Summon Small Mammal   Summ           ##..         4%          1    #......
b - Call Imp              Summ           ##......     8%          2    ###....


Dungeon Overview and Level Annotations

Branches:
Dungeon (2/15)

Altars:
Ru


Innate Abilities, Weirdness & Mutations

You cannot wear armour.
You are incapable of wielding weapons or throwing items.
You have razor-sharp teeth.
You have supernaturally acute eyesight.
You are carnivorous and can eat meat at any time.
You cover ground quickly.
You are covered in fur (AC +1).
You have a slow metabolism.
Your paws have sharp claws that are effective at stabbing.


Message History

No target in view!
No target in view!
No target in view!
A giant gecko comes into view.
Save game and exit?
Welcome back, MrRokkomies the Felid Summoner.
Press ? for a list of commands and other information.
The rat barely misses you.
You barely miss the rat. You scratch the rat.
You kill the rat!
You closely miss the giant gecko. The giant gecko closely misses you.
You barely miss the giant gecko. The giant gecko misses you.
You barely miss the giant gecko. The giant gecko misses you.
You scratch the giant gecko.
The giant gecko begins to bleed from its wounds!
You bite the giant gecko, but do no damage.
The giant gecko is heavily wounded.
The giant gecko bites you. x2
You die...

.............##5###
..##....#....##...#
#....#....####.#
##...#....(..§.#
#...........###
#h#.........#
#.#.#......##
#..>.......##
##........#
#####........###
#..l@..........##
#.###........#..#
######.######.#
#..†........#†#
#.####†####.#.#
#.#.......#.#5#
#.#.##.##.#.#.#
#.#.#.#†..#.#.#.#
#......._.......#
###.#.#...#.#.#.#
#.#.##.##.#.#.#


You could see a giant gecko (bleeding).

Vanquished Creatures
  A giant gecko (D:1)
  4 bats
  3 hobgoblins
  A kobold (D:2)
  A giant newt (D:1)
  2 goblins
  A jackal (D:2)
  2 rats
15 creatures vanquished.

Vanquished Creatures (collateral kills)
  2 worms (D:2)
  3 jackals (D:2)
5 creatures vanquished.

Grand Total: 20 creatures vanquished

Notes
Turn   | Place    | Note
--------------------------------------------------------------
     0 | D:1      | MrRokkomies, the Felid Summoner, began the quest for the Orb.
     0 | D:1      | Reached XP level 1. HP: 7/7 MP: 4/4
   449 | D:1      | Reached skill level 1 in Unarmed Combat
   813 | D:2      | Reached XP level 2. HP: 7/11 MP: 5/5
   817 | D:2      | Learned a level 2 spell: Call Imp
  1095 | D:2      | Found a sacrificial altar of Ru.
  1227 | D:2      | Slain by a giant gecko

Action                   || total
-------------------------++-------
Melee: Unarmed           ||    73
 Cast: Call Imp          ||     5
 Stab: Sleeping          ||     1
